 Dungeon Crawl Stone Soup version 0.21-a0-271-ge7f0487 (webtiles) character file.

534 Lavandula the Grappler (level 7, 0/55 HPs)
             Began as a Ghoul Warper on Sept 15, 2017.
             Slain by a scorpion (7 damage)
             ... on level 4 of the Dungeon.
             The game lasted 00:11:01 (1850 turns).

Lavandula the Grappler (Ghoul Warper)               Turns: 1850, Time: 00:11:01

Health: 0/55       AC:  3    Str: 17    XL:     7   Next: 25%
Magic:  3/8        EV: 11    Int:  8    God:
Gold:   128        SH:  0    Dex:  8    Spells: 5/9 levels left

rFire    . . .     SeeInvis .     - Unarmed
rCold    + . .     Gourm    .   (no shield)
rNeg     + + +     Faith    .   a - +0 leather armour
rPois    ∞         Spirit   .   (no helmet)
rElec    .         Reflect  .   (no cloak)
rCorr    .         Harm     .   (no gloves)
MR       .....                  (no boots)
Stlth    +.........             (no amulet)
HPRegen  0.00/turn              (no ring)
MPRegen  0.11/turn              (no ring)

@: very slightly contaminated, rotting
A: rotting body, claws 1, carnivore 3, cold resistance 1, negative energy
resistance 3, inhibited regeneration, torment resistance, unbreathing
a: no special abilities


You were on level 4 of the Dungeon.
You were not hungry.

You visited 1 branch of the dungeon, and saw 5 of its levels.
You also visited: Ossuary.

You collected 128 gold pieces.

Inventory:

Armour
 a - a +0 leather armour (worn)
 i - a +0 ring mail
Scrolls
 c - 2 scrolls of noise {unknown}
 e - a scroll of enchant weapon
 g - a scroll of enchant armour
 j - a scroll of immolation
 m - a scroll of recharging
 r - 5 scrolls of random uselessness
 t - 3 scrolls of remove curse
Potions
 l - a potion of might {unknown}
 n - a potion of flight {unknown}
 o - 3 potions of agility {unknown}
 p - 6 potions of degeneration {unknown}
 q - a potion of magic {unknown}
 s - 4 potions of curing
 u - a potion of haste
 v - 2 potions of mutation {unknown}
 w - a potion of heal wounds {unknown}
 x - a potion of ambrosia {unknown}
 z - a potion of brilliance {unknown}
 A - 2 potions of lignification {unknown}
Books
 b - a book of Spatial Translocations

   Spells                             Type                      Level
   a - Blink                          Translocation                2
   b - Shroud of Golubria             Charms/Translocation         2
   c - Lesser Beckoning               Translocation                3
   d - Gell's Gravitas                Translocation                3
   e - Teleport Other                 Translocation                3
   f - Passage of Golubria            Translocation                4
Comestibles
 f - 2 meat rations
 h - a royal jelly


   Skills:
 - Level 2.1 Fighting
 - Level 0.8 Throwing
 - Level 0.8 Armour
 - Level 1.7 Dodging
 + Level 8.4 Unarmed Combat
 - Level 1.8 Spellcasting
 - Level 2.6 Translocations


You had 5 spell levels left.
You knew the following spells:

 Your Spells              Type           Power        Failure   Level  Hunger
a - Blink                 Tloc           N/A          22%         2    ###....
b - Shroud of Golubria    Chrm/Tloc      #.........   36%         2    ###....


Dungeon Overview and Level Annotations

Branches:
Dungeon (5/15)
 Temple: D:4-7

Altars:
Dithmenos
Elyvilon
Xom
Yredelemnul
The Shining One

Annotations:
D:3 Robin
D:4 Sigmund


Innate Abilities, Weirdness & Mutations

Your body is rotting away.
You thrive on raw meat.
You are immune to poison.
You have sharp fingernails.
You are carnivorous and can eat meat at any time.
Your flesh is cold resistant. (rC+)
You are immune to negative energy. (rN+++)
You do not regenerate when monsters are visible.
You are immune to unholy pain and torment.
You can survive without breathing.


Message History

You now have 128 gold pieces (gained 9).
Throwing (i - inventory):
k - 4 javelins (quivered)
Press: ? - help, Shift-Dir - straight line, f - scorpion
Aim: a scorpion You throw a javelin.
The javelin barely misses the scorpion.
Throwing (i - inventory):
k - 3 javelins (quivered)
Press: ? - help, Shift-Dir - straight line, f/p - scorpion
Aim: a scorpion You throw a javelin.
The javelin hits the scorpion.
The scorpion is lightly wounded.
Throwing (i - inventory):
k - 2 javelins (quivered)
Press: ? - help, Shift-Dir - straight line, f/p - scorpion
Aim: a scorpion (lightly wounded)
You throw a javelin. The javelin barely misses the scorpion.
Throwing (i - inventory):
k - a javelin (quivered)
Press: ? - help, Shift-Dir - straight line, f/p - scorpion
Aim: a scorpion (lightly wounded)
You throw a javelin. The javelin barely misses the scorpion.
The scorpion stings you!
You die...

#. #.# #........
#.####.# #.......#
#....#.# #.......#
#....#.# #.......#
#....#.# .#.......#
#....#.# ...#..######
.##....#.####....#...
..
....................
.. .........@s..($Z(
... .......##########
.### ##..... # #.....
# #..... # #...(.
#..... .#....


You could see a scorpion and a bullfrog skeleton.

Vanquished Creatures
  A phantom (D:4)
  A howler monkey (D:5)
  A centaur zombie (Ossuary)
  4 iguanas (D:4)
  An orc wizard (D:3)
  A big kobold zombie (Ossuary)
  A hound skeleton (D:4)
  5 mummies (Ossuary)
  9 adders
  An ooze (D:3)
  2 dart slugs (D:2)
  3 leopard geckos
  6 orcs (D:3)
  3 bats
  4 giant cockroaches
  6 hobgoblins
  A quokka (D:2)
  3 frilled lizards
  8 goblins
  A goblin zombie (Ossuary)
  A jackal skeleton (D:5)
  5 kobolds
  A quokka skeleton (D:4)
  4 rats
73 creatures vanquished.

Notes
Turn   | Place    | Note
-------+----------+-------------------------------------------
     0 | D:1      | Lavandula the Ghoul Warper began the quest for the Orb.
     0 | D:1      | Reached XP level 1. HP: 17/17 MP: 2/2
    50 | D:1      | You fall through a shaft!
    77 | D:2      | Reached skill level 3 in Unarmed Combat
    77 | D:2      | Reached XP level 2. HP: 3/24 MP: 3/3
   120 | D:2      | Reached XP level 3. HP: 11/29 MP: 4/4
   166 | D:2      | Learned a level 2 spell: Blink
   169 | D:2      | Learned a level 2 spell: Shroud of Golubria
   170 | D:3      | Noticed Robin
   213 | D:2      | Reached skill level 4 in Unarmed Combat
   299 | D:3      | Reached XP level 4. HP: 31/36 MP: 2/5
   448 | D:3      | Reached skill level 5 in Unarmed Combat
   590 | D:3      | Reached XP level 5. HP: 34/41 MP: 3/6
   788 | D:2      | Found a basalt altar of Yredelemnul.
   809 | D:2      | Found a white marble altar of Elyvilon.
   819 | D:2      | Found a glowing golden altar of the Shining One.
   823 | D:2      | Found a shimmering altar of Xom.
   906 | D:2      | Reached skill level 6 in Unarmed Combat
  1044 | D:4      | Reached XP level 6. HP: 31/48 MP: 1/7
  1122 | D:4      | Noticed a phantom
  1149 | D:4      | Killed a phantom
  1149 | D:4      | Reached skill level 7 in Unarmed Combat
  1166 | D:4      | Noticed Sigmund
  1183 | D:5      | Entered Level 5 of the Dungeon
  1254 | D:5      | Found a sand-covered staircase.
  1338 | Ossuary  | Entered an ossuary
  1682 | D:5      | Found a shadowy altar of Dithmenos.
  1716 | D:5      | Reached skill level 8 in Unarmed Combat
  1716 | D:5      | Reached XP level 7. HP: 40/55 MP: 8/8
  1850 | D:4      | Slain by a scorpion

Vault maps used:
D:1:      matt_arrival_spirals, serial_park_tiny_2, columned_hall_lemuel
D:2:      grunt_temple_overflow_cloverleaf, makhleb_heckhound_becter
D:3:      okawaru_altar_gauntlet_db, roderic_malta_cross, uniq_robin
D:4:      minmay_temple_entry_poolview, first_bread, uniq_sigmund
D:5:      grunt_dithmenos_smoke_and_mirrors,
          lightli_ossuary_entry_decrepit_ruins, uniq_pikel, uniq_ijyb,
          uniq_grinder
Ossuary:  ossuary_crypta

Skill      XL: |  1  2  3  4  5  6 |
---------------+-------------------+-----
Unarmed Combat | 3 4 5 6 8 |  8.4
Fighting       | |  2.1
Throwing       | |  0.8
Armour         | |  0.8
Dodging        | |  1.7
Spellcasting   | |  1.8
Translocations | |  2.6

Action                   |  1- 3 |  4- 6 |  7- 9 || total
-------------------------+-------+-------+-------++-------
Melee: Unarmed           |    97 |   174 |    18 ||   289
       Punch             |       |     2 |     1 ||     3
Throw: Tomahawk          |     4 |       |     1 ||     5
       Javelin           |       |       |     8 ||     8
 Cast: Shroud of Golubri |     4 |    11 |     2 ||    17
       Blink             |       |       |     2 ||     2
  Use: Scroll            |     1 |     8 |       ||     9
       Potion            |       |       |     2 ||     2
  Eat: Chunk             |    15 |    23 |     4 ||    42
Armor: Leather armour    |    22 |    28 |     3 ||    53
Dodge: Dodged            |    63 |    73 |     4 ||   140

Table legend:
 A = Spawn XP
 B = Non-spawn XP
 C = Spawn XP percentage of total XP
 D = Spawn monster count
 E = Non-spawn monster count
 F = Spawn count percentage of total count
 G = Total turns spent on level
                    A         B        C        D         E        F      G
               +---------+---------+-------+---------+---------+-------+---------
         Total |       0 |     764 |   0.0 |       0 |      73 |   0.0 |  1850
               +---------+---------+-------+---------+---------+-------+---------
           D:1 |       0 |       3 |   0.0 |       0 |       2 |   0.0 |    50
           D:2 |       0 |     112 |   0.0 |       0 |      23 |   0.0 |   426
           D:3 |       0 |     129 |   0.0 |       0 |      28 |   0.0 |   507
           D:4 |       0 |     300 |   0.0 |       0 |       9 |   0.0 |   319
           D:5 |       0 |      56 |   0.0 |       0 |       3 |   0.0 |   230
       Ossuary |       0 |     164 |   0.0 |       0 |       8 |   0.0 |   318
               +---------+---------+-------+---------+---------+-------+---------
